[Event "Hungarian Youth-ch U12 2022"]
[Site "Eger"]
[Date "2022.07.23"]
[Round "1.1"]
[White "Onodi, Miklos"]
[Black "Horvath, Andras"]
[Result "1-0"]
[ECO "D02"]
[WhiteElo "1901"]
[BlackElo "2251"]
[Annotator "TA"]
[PlyCount "59"]
[EventDate "2022.07.21"]
[EventType "tourn"]
[EventCountry "HUN"]
[SourceTitle "playchess.com"]
[Source "ChessBase"]
[SourceQuality "1"]
[TimeControl "40/5400+30:1800+30"]

1. d4 d5 2. Nf3 Nf6 3. g3 Bf5 4. Bg2 e6 5. c4 c6 6. Nc3 Be7 {[%emt 0:01:14] D11: Slav Defence: 3 Nf3 sidelines and 3...Nf6 4 e3 Bg4.} 7. Qb3 $1 {[%emt 0:00:21][%mdl 4] outshines the older 7.0-0.} Qb6 8. c5 Qxb3 {[%emt 0:00:14] The position is equal.} 9. axb3 Na6 10. Ra4 O-O 11. O-O {[%emt 0:03:49] [#]} Rfe8 $146 ({Predecessor:} 11... Nd7 12. Bf4 Rfe8 13. b4 Bc2 14. b5 cxb5 15. Ra5 b4 16. Nb5 Ndb8 17. Rc1 Be4 18. Ne5 Bxg2 19. Kxg2 {0-1 (36) Lopes de Lima,A (2018)-Parente,R (2067) Fortaleza 2017}) 12. Ne5 Bc2 {[%emt 0:06:39] [#]} (12... Nb8 $11 {remains equal.}) 13. Nxc6 $1 $16 Bxb3 (13... Bxc5 14. dxc5) 14. Ra3 (14. Nxe7+ $18 Rxe7 15. Ra3) 14... bxc6 15. Rxa6 Rec8 {[%emt 0:06:12] [#]} 16. Bf4 $1 Nh5 17. Rfa1 {[%emt 0:08:43] White is more active.} (17. Be3 $16) 17... Nxf4 $14 18. gxf4 Rc7 19. e3 Bc4 20. R6a4 a6 (20... Bd8 $16 {was necessary.}) 21. Bf1 $18 Bxf1 22. Kxf1 Rca7 {[%emt 0:01:52] [#]} (22... Kf8 $142 23. Rxa6 Rxa6 24. Rxa6 g6) 23. b4 (23. Na2 $1 $18 {[%cal Ra2b4] and the rest is easy.}) 23... a5 {[%emt 0:06:51][%mdl 8192] A mistake that costs the game.} (23... g6 $16 {was called for.}) 24. Rxa5 Rxa5 25. Rxa5 {[%emt 0:00:21] KRB-KRN} ({Weaker is} 25. bxa5 Ra6 26. Rb1 Rxa5 27. Rb8+ Bf8 $16) 25... Rb8 26. b5 cxb5 27. Rxb5 Rxb5 28. Nxb5 Kf8 29. f5 e5 $2 (29... Ke8 30. fxe6 fxe6 31. Nc7+ Kd7) 30. Nc7 {[%emt 0:00:25] Weighted Error Value: White=0.23 (precise) /Black=0.61} 1-0

[Event "Hungarian Youth-ch U12 2022"]
[Site "Eger"]
[Date "2022.07.23"]
[Round "1.2"]
[White "Juhasz, Edmond"]
[Black "Kovacs, Kristof"]
[Result "0-1"]
[ECO "C58"]
[WhiteElo "1510"]
[BlackElo "1812"]
[Annotator "NA RC COMBH"]
[PlyCount "88"]
[EventDate "2022.07.21"]
[EventType "tourn"]
[EventCountry "HUN"]
[SourceTitle "playchess.com"]
[Source "ChessBase"]
[SourceQuality "1"]
[TimeControl "40/5400+30:1800+30"]

1. e4 e5 2. Nf3 Nc6 3. Bc4 Nf6 4. Ng5 d5 5. exd5 Na5 6. Bb5+ c6 7. dxc6 bxc6 8. Qf3 Rb8 9. Bxc6+ Nxc6 10. Qxc6+ Nd7 11. Ne4 Rb6 12. Qc3 Bb4 13. Qe3 O-O 14. a3 Be7 15. Nbc3 f5 16. Nd5 Rg6 17. Nxe7+ Qxe7 18. Qb3+ Kh8 19. Nc3 Rxg2 20. d3 Nc5 21. Qb4 Rg4 22. Qa5 Bb7 23. Rf1 Bg2 24. Rg1 e4 25. Be3 Nb7 26. Qxa7 exd3 27. O-O-O dxc2 28. Kxc2 h6 29. Kb1 f4 30. Bb6 Rc8 31. Rge1 Qf7 32. Qa4 Rg6 33. Bd4 Nd6 34. Qa7 Qb3 35. Ka1 Nc4 36. Rb1 Ra8 37. Qe7 Nxa3 38. bxa3 Rxa3+ 39. Qxa3 Qxa3+ 40. Na2 Ra6 41. Rb2 Bd5 42. Ree2 Bxa2 43. Rb8+ Kh7 44. Bb2 Qd3 0-1

[Event "Hungarian Youth-ch U12 2022"]
[Site "Eger"]
[Date "2022.07.23"]
[Round "1.3"]
[White "Feher, Botond"]
[Black "Janosi, Bence"]
[Result "1-0"]
[ECO "A36"]
[WhiteElo "1747"]
[BlackElo "1428"]
[Annotator "NA RC COMBH"]
[PlyCount "49"]
[EventDate "2022.07.21"]
[EventType "tourn"]
[EventCountry "HUN"]
[SourceTitle "playchess.com"]
[Source "ChessBase"]
[SourceQuality "1"]
[TimeControl "40/5400+30:1800+30"]

1. c4 c5 2. g3 Nc6 3. Bg2 g6 4. Nc3 Bg7 5. e4 e5 6. Nge2 Nge7 7. O-O O-O 8. d3 d6 9. Rb1 f5 10. f4 Be6 11. Nd5 fxe4 12. dxe4 Nd4 13. Nxd4 Bxd5 14. cxd5 cxd4 15. fxe5 dxe5 16. Bg5 h6 17. Bd2 Qb6 18. Qb3 Qxb3 19. axb3 Rac8 20. Bb4 Rxf1+ 21. Rxf1 Bf8 22. Bh3 Re8 23. Be6+ Kh8 24. Rf7 a5 25. Bd6 1-0

[Event "Hungarian Youth-ch U12 2022"]
[Site "Eger"]
[Date "2022.07.23"]
[Round "1.4"]
[White "Bod, Marton"]
[Black "Lehocz, Jozsef Jr."]
[Result "0-1"]
[ECO "B76"]
[WhiteElo "1758"]
[BlackElo "1919"]
[Annotator "TA"]
[PlyCount "74"]
[EventDate "2022.07.21"]
[EventType "tourn"]
[EventCountry "HUN"]
[SourceTitle "playchess.com"]
[Source "ChessBase"]
[SourceQuality "1"]
[TimeControl "40/5400+30:1800+30"]

1. e4 c5 2. Nf3 d6 3. d4 cxd4 4. Nxd4 Nf6 5. Nc3 g6 6. Be3 Bg7 7. f3 O-O 8. Bc4 Nc6 9. Bb3 Bd7 10. Qd2 Rc8 11. O-O-O Ne5 12. h4 h5 13. g4 hxg4 14. h5 Nxh5 15. Bh6 e6 (15... Nxf3 $2 16. Nxf3 e6 17. Bxg7 Kxg7 18. Rdg1 $1 $18 (18. Qxd6 Bc6 $18)) (15... gxf3 $2 16. Rxh5 $1 Bf6 17. Rxe5 dxe5 18. Nxf3 $18) 16. Bxg7 {[%emt 0:01:04] B78: Sicilian Dragon: Yugoslav Attack, 9 Bc4 Bd7 10 0-0-0 Rc8.} (16. Rdg1 $1 $11 {remains equal.} Qf6 17. Bxg7 Qxg7 18. fxg4) 16... Kxg7 $17 17. fxg4 Nxg4 18. Rdg1 {[%emt 0:02:08] [#] Black is better.} Ngf6 (18... Nhf6 $142 $1 {White must now prevent ...Rh8.} 19. Nf3 Rh8 20. Rxh8 Qxh8 21. Qxd6 Qh3) 19. Qe2 (19. Kb1 $17 {keeps fighting.}) 19... Rh8 {[%emt 0:08:53][%cal Oh5g3] Threatens to win with ...Ng3!} 20. Qe3 {[%emt 0:02:20] Inhibits Ng3.} Qb6 21. e5 dxe5 22. Qxe5 Qc5 {[%emt 0:02:18] [#]} 23. Rg5 $146 ({Predecessor:} 23. Qe3 e5 24. Nce2 exd4 25. Nxd4 a5 26. Rg5 Qc7 27. Rf1 a4 28. Bxa4 Bxa4 29. Rxg6+ fxg6 {0-1 (67) Kandic,M (2216)-Mikalsen,E (1973) Caleta 2010}) 23... Qxe5 24. Rxe5 Bc6 25. Rg1 Nf4 26. Nxc6 Rxc6 27. Rf1 Rh5 28. Rb5 {[%emt 0:00:49] [#]} Ne2+ 29. Nxe2 Rxb5 30. Nd4 Rbc5 31. Nxc6 Rxc6 $19 {[%emt 0:00:06][%mdl 4096] Endgame KRB-KRN} ({Don't blunder} 31... bxc6 $2 32. Rg1 $19) 32. Kd2 Rd6+ 33. Ke3 g5 34. c4 Ng4+ {[%emt 0:00:53] Black is clearly winning.} 35. Ke2 Ne5 36. Rg1 g4 37. Ke3 f5 {[%emt 0:00:56] White did not feel at home in the position after the opening.  Weighted Error Value: White=0.41/Black=0.08 (flawless)} 0-1

[Event "Hungarian Youth-ch U12 2022"]
[Site "Eger"]
[Date "2022.07.23"]
[Round "1.5"]
[White "Karacsonyi, Bank"]
[Black "Horvath, Matyas Sandor"]
[Result "1-0"]
[ECO "C42"]
[WhiteElo "1791"]
[BlackElo "1431"]
[Annotator "NA RC COMBH"]
[PlyCount "65"]
[EventDate "2022.07.21"]
[EventType "tourn"]
[EventCountry "HUN"]
[SourceTitle "playchess.com"]
[Source "ChessBase"]
[SourceQuality "1"]
[TimeControl "40/5400+30:1800+30"]

1. e4 e5 2. Nf3 Nf6 3. Nxe5 d6 4. Nf3 Nxe4 5. d4 d5 6. Bd3 Be7 7. O-O O-O 8. Re1 Ng5 9. Nxg5 Bxg5 10. Qh5 h6 11. Bxg5 Qxg5 12. Qxg5 hxg5 13. Nd2 Nd7 14. Re7 g6 15. h3 c6 16. Nf3 g4 17. hxg4 Rb8 18. Ng5 Nf6 19. f3 Nh7 20. Nxh7 Kxh7 21. Kf2 Kg7 22. g5 Be6 23. Re1 Rfe8 24. R1xe6 Kf8 25. Rxe8+ Rxe8 26. Rxe8+ Kxe8 27. f4 b6 28. f5 gxf5 29. Bxf5 c5 30. Ke3 Ke7 31. dxc5 bxc5 32. Kf4 d4 33. Ke5 1-0

[Event "Hungarian Youth-ch U12 2022"]
[Site "Eger"]
[Date "2022.07.24"]
[Round "2.1"]
[White "Horvath, Andras"]
[Black "Horvath, Matyas Sandor"]
[Result "1-0"]
[ECO "C47"]
[WhiteElo "2251"]
[BlackElo "1431"]
[Annotator "TA"]
[PlyCount "41"]
[EventDate "2022.07.21"]
[EventType "tourn"]
[EventCountry "HUN"]
[SourceTitle "playchess.com"]
[Source "ChessBase"]
[SourceQuality "1"]
[TimeControl "40/5400+30:1800+30"]

1. e4 e5 2. Nf3 Nf6 3. Nc3 Nc6 4. d4 exd4 5. Nxd4 Bc5 6. Nxc6 bxc6 7. Bd3 h6 8. O-O O-O ({Better is} 8... d6 $14) 9. Bf4 {[%emt 0:07:36] C47: Scotch Four Knights and Four Knights with 4 g3.} (9. e5 $16 Nd5 10. Nxd5 cxd5 11. Qf3) 9... d6 $11 {[%emt 0:04:37] [#]} 10. Qd2 $146 ({Predecessor:} 10. Re1 Nh7 11. Qf3 Qh4 12. Qg3 Qh5 13. Be2 Qg6 14. Bc4 Qxg3 15. Bxg3 Rb8 16. Rab1 Be6 {½-½ (48) Moulik,J (1556)-Korinek,J (1355) Mlada Boleslav 2017}) 10... h5 (10... Bb6 $11 {keeps the balance.}) 11. Rad1 (11. Bg5 $16) 11... Re8 (11... Qe7 $14 {might be stronger.}) 12. Bg5 $16 Bb4 13. f4 {[%emt 0:07:44][%cal Oe4e5,Bf2f4,Bf4f5][%mdl 32] Threatens to win with e5!} Re6 {[%emt 0:16:00][%mdl 8192] [#] Inhibits e5. Loses the game.} (13... Qe7 $16 {is a better chance.}) 14. e5 $1 $18 {[%emt 0:06:58] White is clearly winning.} Bxc3 15. bxc3 d5 16. exf6 gxf6 17. f5 Re8 18. Bh4 {[%emt 0:02:31] [#] And now Qh6 would win.} Kh7 {[%emt 0:00:52] Against Qh6+} 19. Rde1 Rg8 20. Be2 Bd7 21. Bxh5 {[%emt 0:01:27] Weighted Error Value: White=0.28 (precise) /Black=1.45} 1-0

[Event "Hungarian Youth-ch U12 2022"]
[Site "Eger"]
[Date "2022.07.24"]
[Round "2.2"]
[White "Lehocz, Jozsef Jr."]
[Black "Karacsonyi, Bank"]
[Result "0-1"]
[ECO "A35"]
[WhiteElo "1919"]
[BlackElo "1791"]
[Annotator "TA"]
[PlyCount "162"]
[EventDate "2022.07.21"]
[EventType "tourn"]
[EventCountry "HUN"]
[SourceTitle "playchess.com"]
[Source "ChessBase"]
[SourceQuality "1"]
[TimeControl "40/5400+30:1800+30"]

1. Nf3 Nf6 2. c4 c5 3. Nc3 Nc6 4. g3 d5 5. cxd5 Nxd5 6. Bg2 Nc7 7. O-O e5 8. d3 Be7 9. Be3 O-O 10. Rc1 Bd7 11. Qb3 {[%emt 0:11:05] [#] A34: Symmetrical English: 2 Nc3, lines with ...d5.} (11. Nd2) (11. Na4 $11 {deserves consideration.}) 11... Rb8 $146 ({Predecessor:} 11... b6 12. Nd5 Nxd5 13. Qxd5 Qc7 14. Qb3 Be6 15. Qa4 Bd5 16. a3 Qd6 17. Nd2 Bxg2 18. Kxg2 {½-½ (34) Canela Vasquez,M (1925)-Hernandez Lora,M (1855) Santo Domingo 2021}) 12. Nd5 Nxd5 (12... b6 $1 $11) 13. Qxd5 $14 {[%emt 0:00:13] White is slightly better.} b6 14. Nxe5 Nxe5 15. Qxe5 Bf6 16. Qd6 Bxb2 17. Rb1 Bf6 18. Bf4 (18. Bxc5 $5 Re8 19. Be3 $14) 18... Rc8 19. Bb7 Bh3 20. Rfc1 Re8 21. Rc2 Qxd6 22. Bxd6 Rcd8 23. Bc7 Rd4 {[%emt 0:00:16] White must now prevent ...Re7.} 24. Bf4 g5 25. Be3 Rd6 26. Bf3 Bd7 27. Rc4 h6 28. Rbc1 Bb5 29. Re4 Rxe4 30. Bxe4 Bd4 31. Kg2 Bxe3 32. fxe3 $15 {[%emt 0:00:07][%mdl 4096] Endgame KRB-KRB} Kg7 33. Rb1 Bc6 34. Bxc6 Rxc6 $11 {[%emt 0:00:05] KR-KR} 35. Rc1 Re6 36. e4 h5 37. Kf3 Kg6 38. Ke3 Rd6 39. Rf1 f6 40. Rf5 Rd4 41. Rd5 Ra4 42. Rd6 Kf7 (42... Rxa2 43. e5 $11) 43. Rd7+ (43. h4 $15) 43... Ke6 $1 $17 44. Rh7 Rxa2 45. Rxh5 b5 46. h4 b4 47. Rh7 (47. hxg5 fxg5 48. Rh6+ (48. Rxg5 $2 b3 $19) 48... Kf7 49. Rh7+ Kg6 $17) 47... gxh4 ({Black should play} 47... a5 $17 {Threatens to win with ...gxh4.} 48. h5 a4) 48. gxh4 $11 a5 {[%emt 0:05:49] Strongly threatening ...a4.} 49. h5 $1 Ra1 {[%emt 0:01:33] aiming for ...a4.} 50. h6 Rh1 (50... a4 $5 51. Rb7 Rh1 $15) 51. Ra7 b3 52. h7 $1 a4 (52... b2 $11 53. Rb7 Kd6) 53. Rxa4 $16 Kd6 (53... Rxh7 $16 54. Ra6+ Ke5) 54. Ra3 $2 ({White has to play} 54. Ra6+ $18 Kc7 55. Ra1 $3 (55. Rxf6 Rxh7 56. Kd2 Rh1 $16)) 54... c4 $1 $11 55. dxc4 b2 56. Rb3 {[%emt 0:05:12] Rb6+ is the strong threat.} Rh3+ 57. Kd4 Rxb3 58. h8=Q {[%emt 0:00:07] And now e5+ would win.} b1=Q 59. c5+ $2 (59. Qxf6+ Kc7 60. Qe7+ Kb8 61. Qd8+ Kb7 62. Qd7+ Ka8 63. Qc8+ Ka7 64. Qc7+ Rb7 65. Qa5+ Kb8 66. Qd8+ Ka7 67. Qa5+ Kb8 68. Qd8+ Ka7 69. Qa5+) (59. Qd8+ $11 Kc6 60. Qc8+ Kd6 61. Qd8+ Ke6 62. Qe8+ Kd6 63. Qd8+) 59... Kc7 60. Qg7+ Kc6 $2 ({Better is} 60... Kb8 $1 $19 {( -> ...Qb2+)} 61. Kd5 Qa1) 61. Qxf6+ Kb5 (61... Kb7 $5 62. Qe7+ Ka8 63. Qe8+ Ka7 64. Qa4+ Kb8 65. Qe8+ Kc7 66. Qf7+ Kd8 67. Qf8+ Kd7 68. Qf7+ Kd8 69. Qf8+ Kd7 70. Qf7+ Kd8 $11) 62. Qb6+ Ka4 63. Qa6+ Kb4 64. Qc4+ $2 (64. Qb6+ $11 Ka3 65. Qa5+ Kb2 66. Qd2+ Ka1 67. Qa5+ Kb2 68. Qd2+ Ka3 69. Qa5+ Kb2) 64... Ka5 $19 65. Kd5 Rb4 66. Qd3 Qa2+ 67. Kd6 Qa4 68. Kc7 Rc4 (68... Rd4 $142 69. Qh3 Kb4 70. Qf5 Qa5+ 71. Kb8 Qb5+ 72. Kc7 Qxc5+ 73. Qxc5+ Kxc5 74. e5 Re4 75. Kd8 Rxe5 76. Kd7 Rxe2 77. Kc7 Re7+ 78. Kd8 Kd6 79. Kc8 Kc6 80. Kb8 Re8+ 81. Ka7 Rg8 82. Ka6 Ra8#) 69. Qd5 Qc2 70. c6+ (70. Qa8+ Kb4 71. Qb7+ Kc3 72. Qa6) (70. Qa8+ $19 Kb4 71. Qb7+ Kc3 72. Qa6) 70... Rc5 71. Qd6 Qc3 (71... Kb5 $142 72. Qd4 Rxc6+ 73. Kd7 Rc7+ 74. Ke6 Qc6+ 75. Kf5 Rf7+ 76. Kg5 Qc5+ 77. Qd5 Kb4 78. Kg6 Rf1 79. Qd2+ Ka3 80. Qd3+ Kb2 81. Qd2+ Ka1 82. Qg5 Qd6+ 83. Kh5 Rh1+ 84. Kg4 Rg1+ 85. Kh5 Rxg5+ 86. Kxg5 Qe5+ 87. Kg6 Kb2 88. Kh6 Kc3 89. Kh7 Kd4 90. Kh6 Qxe4 91. Kh5 Ke5 92. Kg5 Qf5+ 93. Kh4 Kf4 94. e3+ Kf3 95. e4 Qg4#) 72. Kb7 Qb4+ 73. Kc7 Qb6+ $2 (73... Kb5 74. Qf6 Qb1) (73... Kb5 74. Qd3+ Rc4 75. Qd5+ Rc5 76. Qd3+ Rc4 77. Qd5+ Ka6) 74. Kd7 {[%emt 0:00:04] [#]} Qb5 $2 (74... Ka6 75. Qd3+ Ka7) (74... Ka6 $1 $19 {Hoping for ...Ka7.} 75. Qd3+ Ka7) 75. Qd2+ $2 (75. Qc7+ Qb6 76. e5) (75. Qc7+ $11 Qb6 76. e5) 75... Kb6 {[%emt 0:00:09] Black mates.} 76. Qd6 Rxc6 77. Qb8+ Ka5 78. Qxb5+ Kxb5 79. e5 {[%emt 0:00:03] [#]} Kc5 $1 80. e6 Rd6+ 81. Ke7 Kd5 {[%emt 0:00:06] Both players deserved the win here.  Weighted Error Value: White=0.30/Black=0.27 (precise)} 0-1

[Event "Hungarian Youth-ch U12 2022"]
[Site "Eger"]
[Date "2022.07.24"]
[Round "2.3"]
[White "Janosi, Bence"]
[Black "Bod, Marton"]
[Result "0-1"]
[ECO "A48"]
[WhiteElo "1428"]
[BlackElo "1758"]
[Annotator "NA RC COMBH"]
[PlyCount "62"]
[EventDate "2022.07.21"]
[EventType "tourn"]
[EventCountry "HUN"]
[SourceTitle "playchess.com"]
[Source "ChessBase"]
[SourceQuality "1"]
[TimeControl "40/5400+30:1800+30"]

1. d4 Nf6 2. Nf3 g6 3. c4 Bg7 4. g3 b6 5. Bg2 Bb7 6. O-O d5 7. Ne5 O-O 8. Nc3 e6 9. Bg5 h6 10. Bc1 c6 11. Qa4 Nfd7 12. Nxd7 Nxd7 13. Rd1 Qe7 14. e3 a6 15. Qc2 dxc4 16. Ne2 b5 17. a4 Nb6 18. Nc3 e5 19. dxe5 Bxe5 20. Qe4 f5 21. Qf3 Bxc3 22. bxc3 Nxa4 23. Ba3 Qg7 24. Bxf8 Rxf8 25. Rac1 Nxc3 26. Rd2 a5 27. Kh1 a4 28. h3 a3 29. Rd6 a2 30. Kh2 Ne4 31. Re6 Ng5 0-1

[Event "Hungarian Youth-ch U12 2022"]
[Site "Eger"]
[Date "2022.07.24"]
[Round "2.4"]
[White "Kovacs, Kristof"]
[Black "Feher, Botond"]
[Result "0-1"]
[ECO "A04"]
[WhiteElo "1812"]
[BlackElo "1747"]
[Annotator "NA RC COMBH"]
[PlyCount "70"]
[EventDate "2022.07.21"]
[EventType "tourn"]
[EventCountry "HUN"]
[SourceTitle "playchess.com"]
[Source "ChessBase"]
[SourceQuality "1"]
[TimeControl "40/5400+30:1800+30"]

1. Nf3 c5 2. g3 g6 3. Bg2 Bg7 4. c3 e5 5. d3 Nc6 6. O-O Nge7 7. e4 $11 O-O 8. Be3 d6 9. d4 cxd4 10. cxd4 Bg4 11. d5 $1 Nd4 $1 12. Bxd4 exd4 13. Qd3 Bxf3 14. Bxf3 Qb6 15. Nd2 Rac8 16. Nc4 Qb4 17. Be2 b5 18. Qa3 $2 (18. Nd2 $11) 18... Rxc4 19. Qxa7 Rc2 20. Bd1 Nc8 21. Qb7 Rxb2 22. Rc1 Qd2 23. Bb3 d3 24. Rxc8 Bd4 25. Rxf8+ Kxf8 26. Qc8+ Kg7 27. Qh3 Bxf2+ 28. Kh1 Qe3 29. Qg2 Rxb3 30. Qxf2 Qxf2 31. Rxf2 Rc3 32. Rd2 Rc1+ 33. Kg2 Rc2 34. e5 Rxd2+ 35. Kf1 dxe5 0-1

[Event "Hungarian Youth-ch U12 2022"]
[Site "Eger"]
[Date "2022.07.24"]
[Round "2.5"]
[White "Onodi, Miklos"]
[Black "Juhasz, Edmond"]
[Result "1-0"]
[ECO "D02"]
[WhiteElo "1901"]
[BlackElo "1510"]
[Annotator "TA RC"]
[PlyCount "101"]
[EventDate "2022.07.21"]
[EventType "tourn"]
[EventCountry "HUN"]
[SourceTitle "playchess.com"]
[Source "ChessBase"]
[SourceQuality "1"]
[TimeControl "40/5400+30:1800+30"]

1. d4 d5 2. Nf3 c6 3. g3 e6 4. Bg2 Nf6 5. O-O Nbd7 6. Nbd2 Be7 {[%emt 0:03:27] D02: 1 d4 d5 2 Nf3 sidelines, including 2...Nf6 3 g3 and 2...Nf6 3 Bf4.} 7. Re1 O-O 8. e4 Nxe4 {[%emt 0:04:22] The position is equal.} 9. Nxe4 dxe4 10. Rxe4 Nf6 (10... b6 $11) 11. Re1 $14 Bd7 12. Ne5 {[%emt 0:03:58] [#]} Bd6 $146 ({Predecessor:} 12... Be8 13. c3 Nd7 14. Nd3 Qb6 15. Be3 Qc7 16. Bf4 Bd6 17. Bxd6 Qxd6 18. Qb3 b6 {1-0 (28) Plutarco,F (1879)-Ranalli,E (1210) LSS email 2017}) 13. c4 h6 14. Bf4 {[%emt 0:00:46][%cal Oe5f7] And now Nxf7! would win.} Bc7 15. Qd2 Nh7 16. Rad1 Re8 17. Qc2 {[%emt 0:05:46][%cal Oe5f7] Black must now prevent Nxf7!} Nf6 18. b4 Rb8 (18... a5 $142) 19. a4 $16 {[%emt 0:01:22] 0x0.0005ec04f5c2dp-1022s more active pieces.} a6 20. Rd2 (20. a5 $142) 20... Qc8 (20... Qe7 $16 {was necessary.}) 21. Rc1 (21. Rde2 $18) 21... Nh5 22. Be3 Nf6 23. f4 Bd6 24. Qb3 Rd8 25. Rdc2 Be8 26. d5 (26. a5 $16) 26... Bxe5 $2 ({Better is} 26... c5 $14) 27. fxe5 $18 Nd7 28. dxe6 $2 (28. Qb2 $18) 28... fxe6 29. Rf1 Bg6 30. Rcf2 ({White should try} 30. Re2 $16) 30... Qc7 (30... Nxe5 $15 31. Bc5 Bf5) 31. c5 Bf5 {[%emt 0:01:47][%mdl 8192] Black is now going downhill.} 32. Rxf5 Re8 33. Rf7 Qc8 34. Qc3 Nf6 {[%emt 0:03:34] [#]} 35. R7xf6 (35. exf6 $142 $1 e5 (35... Kxf7 36. fxg7+) 36. Rxg7+ Kh8 37. Qd3 e4 38. Bxe4 Qg4 39. Rh7+ Kg8 40. f7+ Kf8 41. fxe8=Q+ Kxe8 42. Bg6+ Qxg6 43. Qd7#) 35... gxf6 36. exf6 Kf7 37. Bxh6 Rh8 38. Bg7 (38. Qd2 $142 Qd8 39. Qf4 Rc8 40. Bf3 Qd5 41. Bxd5 cxd5 {[#]} 42. Qg4 $1 Rhg8 43. Bg7) 38... Rh7 39. Qd3 {[%emt 0:00:21] White mates.} Rh5 40. Be4 Rg5 41. Qe3 Qd8 42. Qxg5 Qd4+ 43. Rf2 Qxe4 44. Qh5+ Kg8 45. f7+ Kxg7 {[%emt 0:00:10] KQR-KQR} 46. f8=Q+ Rxf8 47. Qg5+ Kh7 48. Qe7+ Kg6 49. Qxf8 Qe1+ 50. Rf1 Qe3+ 51. Qf2 {[%emt 0:00:04] Weighted Error Value: White=0.29 (precise) /Black=0.80} 1-0

[Event "Hungarian Youth-ch U12 2022"]
[Site "Eger"]
[Date "2022.07.24"]
[Round "2.6"]
[White "Hangyal, Dora"]
[Black "Torok, Rita"]
[Result "1-0"]
[ECO "C44"]
[WhiteElo "1244"]
[BlackElo "1275"]
[Annotator "NA RC COMBH"]
[PlyCount "61"]
[EventDate "2022.07.21"]
[EventType "tourn"]
[EventCountry "HUN"]
[SourceTitle "playchess.com"]
[Source "ChessBase"]
[SourceQuality "1"]
[TimeControl "40/5400+30:1800+30"]

1. e4 e5 2. Nf3 Nc6 3. d4 exd4 4. Nxd4 Nxd4 5. Qxd4 d6 6. Bf4 Be6 7. Nc3 Nf6 8. O-O-O Be7 9. Qe3 O-O 10. f3 Nh5 11. Kb1 Nxf4 12. Qxf4 Bf6 13. Qe3 a6 14. g4 h6 15. Nd5 Bxd5 16. Rxd5 Re8 17. f4 c6 18. Rd2 g5 19. Rf2 c5 20. c3 Qe7 21. Bd3 d5 22. e5 gxf4 23. Qxf4 Bg7 24. h4 c4 25. Bc2 Qf8 26. Qf5 Qe7 27. Rhf1 Kf8 28. Qh7 Ra7 29. Rxf7+ Qxf7 30. Rxf7+ Kxf7 31. Bg6+ 1-0

[Event "Hungarian Youth-ch U12 2022"]
[Site "Eger"]
[Date "2022.07.24"]
[Round "2.7"]
[White "Balogh, Gerda"]
[Black "Molnar, Dalma Reka"]
[Result "1/2-1/2"]
[ECO "B36"]
[WhiteElo "1531"]
[BlackElo "1521"]
[Annotator "NA RC COMBH"]
[PlyCount "42"]
[EventDate "2022.07.21"]
[EventType "tourn"]
[EventCountry "HUN"]
[SourceTitle "playchess.com"]
[Source "ChessBase"]
[SourceQuality "1"]
[TimeControl "40/5400+30:1800+30"]

1. e4 c5 2. Nf3 Nc6 3. d4 cxd4 4. Nxd4 g6 5. c4 Nf6 6. Nc3 d6 7. Be2 Nxd4 8. Qxd4 Bg7 9. Be3 O-O 10. Qd3 Qa5 11. O-O Be6 12. b3 Rfc8 13. Bd2 Qc7 14. Rac1 a6 15. Nd5 Bxd5 16. exd5 Qd7 17. Rc2 b5 18. Rfc1 bxc4 19. Rxc4 Rxc4 20. Qxc4 e6 21. Qc6 Ra7 1/2-1/2

[Event "Hungarian Youth-ch U12 2022"]
[Site "Eger"]
[Date "2022.07.24"]
[Round "2.8"]
[White "Balazs, Szabina Zoe"]
[Black "Biro, Beata"]
[Result "1/2-1/2"]
[ECO "B43"]
[WhiteElo "1437"]
[BlackElo "1551"]
[Annotator "NA RC COMBH"]
[PlyCount "45"]
[EventDate "2022.07.21"]
[EventType "tourn"]
[EventCountry "HUN"]
[SourceTitle "playchess.com"]
[Source "ChessBase"]
[SourceQuality "1"]
[TimeControl "40/5400+30:1800+30"]

1. e4 c5 2. Nf3 e6 3. d4 cxd4 4. Nxd4 a6 5. Nc3 b5 6. a3 Bb7 7. Be3 Qc7 8. Bd3 Nf6 9. Qe2 d6 10. O-O Be7 11. Kh1 Nbd7 12. f4 Nc5 13. Bd2 Qb6 14. Be3 Qd8 15. Bg1 O-O 16. Rae1 Re8 17. e5 dxe5 18. fxe5 Nd5 19. Bxh7+ Kxh7 20. Qh5+ Kg8 21. Qxf7+ Kh8 22. Qh5+ Kg8 23. Qf7+ 1/2-1/2

[Event "Hungarian Youth-ch U12 2022"]
[Site "Eger"]
[Date "2022.07.24"]
[Round "2.9"]
[White "Brieber, Dorottya"]
[Black "Kiss, Inez"]
[Result "0-1"]
[ECO "D00"]
[WhiteElo "1242"]
[BlackElo "1397"]
[Annotator "NA RC COMBH"]
[PlyCount "104"]
[EventDate "2022.07.21"]
[EventType "tourn"]
[EventCountry "HUN"]
[SourceTitle "playchess.com"]
[Source "ChessBase"]
[SourceQuality "1"]
[TimeControl "40/5400+30:1800+30"]

1. d4 d5 2. Nc3 Nf6 3. Bf4 c6 4. Nf3 Bg4 5. h3 Bxf3 6. exf3 e6 7. Bd3 Nbd7 8. Qe2 Bb4 9. Bd2 O-O 10. a3 Ba5 11. O-O Re8 12. Qd1 e5 13. Be3 exd4 14. Bxd4 c5 15. Bxf6 Nxf6 16. Bb5 Re7 17. Ne2 a6 18. Ba4 Qc7 19. g3 c4 20. c3 b5 21. Bc2 Bb6 22. Nd4 Rae8 23. Qd2 Bxd4 24. Qxd4 Re2 25. Rac1 Qe5 26. Qh4 Qh5 27. Qxh5 Nxh5 28. b3 Nf6 29. b4 Nd7 30. Bf5 Ne5 31. Rcd1 Nxf3+ 32. Kh1 Nd2 33. Bd7 R8e7 34. Bg4 Nxf1 35. Bxe2 Rxe2 36. Rxf1 Kf8 37. Rd1 Rc2 38. Rxd5 Rxc3 39. Kg1 Rxa3 40. Kf1 Rb3 41. Ke2 Rxb4 42. Kd2 Rb2+ 43. Kc3 Rxf2 44. Kb4 Rf3 45. Rc5 c3 46. Rxc3 Rxc3 47. Kxc3 a5 48. Kb3 b4 49. Ka4 f5 50. h4 h6 51. Kb3 g5 52. hxg5 hxg5 0-1